 Dungeon Crawl Stone Soup version 0.20-a0-301-g264e157 (webtiles) character file.

16 Junicave the Digger (level 2, 0/15 HPs)
             Began as a Gargoyle Earth Elementalist on Dec 16, 2016.
             Slain by a gnoll
             ... wielding a +0 club
              (8 damage)
             ... on level 1 of the Dungeon.
             The game lasted 00:02:23 (464 turns).

Junicave the Digger (Gargoyle Earth Elementalist)    Turns: 464, Time: 00:02:24

Health: 0/15       AC:  4    Str: 11    XL:     2   Next: 58%
Magic:  0/5        EV: 12    Int: 15    God:
Gold:   8          SH:  0    Dex: 10    Spells: 5/6 levels left

rFire  . . .     SeeInvis .     l - -1 short sword (curse)
rCold  . . .     Gourm    .     c - +0 robe
rNeg   + . .     Faith    .     (no shield)
rPois  ∞         Spirit   .     (no helmet)
rElec  +         Reflect  .     (no cloak)
rCorr  .         Harm     .     (no gloves)
MR     .....                    (no boots)
Stlth  ++........               (no amulet)
                                (no ring)
                                (no ring)

@: no status effects
A: negative energy resistance 1, electricity resistance, unbreathing,
petrification resistance, rot immunity, AC +2
a: no special abilities


You were on level 1 of the Dungeon.
You were not hungry.

You visited 1 branch of the dungeon, and saw 1 of its levels.

You collected 8 gold pieces.

Inventory:

Hand Weapons
 l - a cursed -1 short sword (weapon)
 o - a +0 dagger
Missiles
 b - 56 stones (quivered)
Armour
 c - a +0 robe (worn)
Scrolls
 f - 2 scrolls of identify {unknown}
 h - a scroll of remove curse {unknown}
 j - a scroll of fog {unknown}
 n - a scroll of random uselessness {unknown}
Potions
 a - a potion of curing {unknown}
 g - a potion of berserk rage {unknown}
 k - 2 potions of lignification {unknown}
 m - a potion of flight {unknown}
Books
 e - a book of Geomancy

   Spells                             Type                      Level
   a - Sandblast                      Earth                        1
   b - Passwall                       Transmutation/Earth          2
   c - Stone Arrow                    Conjuration/Earth            3
   d - Petrify                        Transmutation/Earth          4
   e - Lee's Rapid Deconstruction     Earth                        5
Comestibles
 d - a bread ration
 i - 3 chunks of flesh


   Skills:
 - Level 1.5 Dodging
 - Level 2.1 Stealth
 * Level 2.7 Spellcasting
   Level 0.7 Transmutations
 + Level 3.9 Earth Magic


You had 5 spell levels left.
You knew the following spells:

 Your Spells              Type           Power        Failure   Level  Hunger
a - Sandblast             Erth           ##....       4%          1    #......


Dungeon Overview and Level Annotations

Branches:
Dungeon (1/15)

Altars:


Innate Abilities, Weirdness & Mutations

You are resistant to torment.
Your stone body is resilient. (AC +2)
You are immune to poison.
You resist negative energy. (rN+)
You are resistant to electric shocks. (rElec)
You can survive without breathing.
You are immune to petrification.
You are immune to rotting.


Message History

Confirm with . or Enter, or press ? or * to list all spells.
Aiming: Sandblast
Press: ? - help, Shift-Dir - straight line, f/p - gnoll
Aim: a gnoll, wielding a club (lightly wounded)
The blast of sand hits the gnoll.
The gnoll is moderately wounded.
The gnoll closely misses you.
Casting: Sandblast
Confirm with . or Enter, or press ? or * to list all spells.
Aiming: Sandblast
Press: ? - help, Shift-Dir - straight line, f/p - gnoll
Aim: a gnoll, wielding a club (moderately wounded)
The blast of sand hits the gnoll.
The gnoll is heavily wounded.
The gnoll hits you but does no damage.
You hit the gnoll but do no damage.
The gnoll is heavily wounded.
The gnoll hits you with a club!
Ouch! That really hurt!
You die...

##...#####.##÷##.#
#......# #.##.##.#
##....#.# #.##.##.######
.l.......# #.............
+### ###.#.##.#
####.##...#)## ...+
##......### ##.#.#.#..##
#..####
#.........###......#..##
##....#
##.##.......#.....###..##
#.....
...##.##@#...........#.##
#.8.#
......##g##.#.....####...
....# #....##.##...## ####
..###.# #.#####.###..#
......# # ##.####.####
..#### ..##......# .## .#
. ##.#.#.##.# .###.#### ..
##....#># #
........##.......#.......#


You could see a gnoll and a frilled lizard (wandering).

Vanquished Creatures
  An ooze (D:1)
  A goblin (D:1)
  2 hobgoblins (D:1)
  4 bats (D:1)
  A frilled lizard (D:1)
  3 kobolds (D:1)
12 creatures vanquished.

Notes
Turn   | Place    | Note
-------+----------+-------------------------------------------
     0 | D:1      | Junicave the Gargoyle Earth Elementalist began the quest for the Orb.
     0 | D:1      | Reached XP level 1. HP: 10/10 MP: 3/3
   240 | D:1      | Reached XP level 2. HP: 15/15 MP: 3/5
   464 | D:1      | Slain by a gnoll

Vault maps used:
D:1:      dpeg_arrival_court, minmay_misc_feat_enclosed

Action                   || total
-------------------------++-------
Melee: Unarmed           ||     8
       Dagger            ||     4
       Short sword       ||    25
 Cast: Sandblast         ||    25
 Stab: Sleeping          ||     1
Armor: Robe              ||    30
Dodge: Dodged            ||    42
